 Dungeon Crawl Stone Soup version 0.28.0-43-g3370ac3207 (webtiles) character file.

Game seed: 13006930741124155874

1540 Descartes the Ruffian (level 8, -3/80 HPs)
             Began as a Troll Warper on Mar 1, 2022.
             Slain by an orc warrior
             ... wielding a +0 battleaxe
              (11 damage)
             ... on level 6 of the Dungeon.
             The game lasted 00:06:34 (4637 turns).

Descartes the Ruffian (Troll Warper)                Turns: 4637, Time: 00:06:35

Health: -3/80      AC:  5    Str: 26    XL:     8   Next: 56%
Magic:  8/8        EV: 10    Int: 11    God:
Gold:   226        SH:  0    Dex: 15    Spells: 9/9 levels left

rFire   . . .      SeeInvis .     - Unarmed
rCold   . . .      Faith    .   (no shield)
rNeg    . . .      Spirit   .   a - +0 robe
rPois   .          Reflect  .   (helmet restricted)
rElec   .          Harm     .   C - +0 cloak
rCorr   .          Rampage  .   (gloves unavailable)
Will    .....                   (boots unavailable)
Stlth   +.........              (no amulet)
HPRegen 1.03/turn               h - +6 ring of strength
MPRegen 0.11/turn               y - +6 ring of dexterity

@: confused
A: large, unfitting armour, claws 3, regeneration 1, shaggy fur 1, tough skin 1
a: no special abilities


You were on level 6 of the Dungeon.
You visited 1 branch of the dungeon, and saw 6 of its levels.

You collected 226 gold pieces.

Inventory:

Missiles
 c - 5 boomerangs of dispersal (quivered)
 f - 111 stones
 g - 74 sling bullets
 A - 2 boomerangs
Armour
 a - a +0 robe (worn)
 C - a +0 cloak (worn)
Jewellery
 h - a +6 ring of strength (left claw)
 y - a +6 ring of dexterity (right claw)
Wands
 u - a wand of polymorph (7)
 v - a wand of flame (21)
Scrolls
 b - 3 scrolls of blinking
 d - 2 scrolls of enchant weapon {unknown}
 i - 2 scrolls of identify {unknown}
 k - 4 scrolls of teleportation {unknown}
 m - a scroll of vulnerability {unknown}
 o - a scroll of magic mapping {unknown}
 w - 3 scrolls of enchant armour {unknown}
Potions
 e - a potion of resistance {unknown}
 j - 3 potions of curing {unknown}
 l - a potion of brilliance
 n - a potion of heal wounds {unknown}
 p - a potion of degeneration {unknown}
 q - a potion of ambrosia {unknown}
 r - a potion of might {unknown}
 s - a potion of flight {unknown}
 t - 2 potions of invisibility {unknown}
 x - a potion of lignification {unknown}
 z - a potion of cancellation {unknown}
Miscellaneous
 B - a phial of floods


   Skills:
 - Level 5.0 Fighting
 - Level 0.8 Throwing
 - Level 1.9 Dodging
 + Level 6.7 Unarmed Combat
 - Level 1.2 Spellcasting
 + Level 5.3 Translocations


You had 9 spell levels left.
You didn't know any spells.
Your spell library contained the following spells:

 Spells                   Type           Power      Damage    Failure   Level
 Blink                    Tloc           24%        N/A       5%          2
 Gell's Gravitas          Tloc           12%        N/A       11%         3
 Lesser Beckoning         Tloc           12%        N/A       11%         3
 Teleport Other           Tloc           12%        N/A       11%         3
 Sting                    Tmut/Pois      0%         1d3       32%         1
 Corpse Rot               Necr/Air       0%         N/A       43%         2
 Poisonous Vapours        Pois/Air       0%         N/A       43%         2
 Manifold Assault         Tloc           12%        N/A       67%         5
 Olgreb's Toxic Radiance  Pois           0%         N/A       97%         4


Dungeon Overview and Level Annotations

Branches:
Dungeon (6/15)
 Temple: D:4-7

Altars:
Hepliaklqana
Yredelemnul
Beogh

Annotations:
D:4 1 runed translucent door


Innate Abilities, Weirdness & Mutations

You are too large for most types of armour.
You have claws for hands.
Your natural rate of healing is unusually fast.
You are covered in fur. (AC +1)
You have tough skin. (AC +1)


Message History

You climb downwards.
The orc warrior shouts!
The orc wizard shouts!
The orc shouts!
Found a short sword.
Found an escape hatch in the floor.
There is a stone staircase leading up here.
You barely miss the orc.
The orc shouts!
Unknown command.
The orc hits you with a +0 whip. The orc warrior closely misses you.
You climb upwards.
There is a stone staircase leading down here.
You claw the orc!
You kill the orc!
HP restored.
You climb downwards.
The orc barely misses you. The orc hits you but does no damage.
The orc warrior closely misses you. The orc closely misses you.
There is a stone staircase leading up here.
The orc warrior hits you with a +0 battleaxe!
The orc closely misses you. The orc hits you with a +0 dagger.
The orc wizard points at you and mumbles some strange words.
You are confused.
In your confused state, you trip and fall back down the stairs.
The orc warrior closely misses you. The orc closely misses you.
The orc barely misses you.
The orc wizard hits you with a +0 dagger.
The orc warrior hits you with a +0 battleaxe!!
The orc hits you with a +0 whip. The orc barely misses you.
The orc wizard hits you but does no damage.
In your confused state, you trip and fall back down the stairs.
The orc warrior hits you with a +0 battleaxe!!
* * * LOW HITPOINT WARNING * * *
The orc hits you with a +0 whip.
* * * LOW HITPOINT WARNING * * *
The orc hits you but does no damage.
The orc wizard hits you with a +0 dagger.
* * * LOW HITPOINT WARNING * * *
The bullfrog skeleton hits you.
* * * LOW HITPOINT WARNING * * *
The orc warrior hits you with a +0 battleaxe!
You die...

#########
#oZ......
#@o......
#oo......
#........
...>.....
#........
#........
#........
#........


You could see an orc warrior, an orc wizard, 2 orcs and a bullfrog skeleton.

Vanquished Creatures
  Sigmund (D:4)
  2 orc warriors (D:4)
  A black bear (D:5)
  3 ogres
  A phantom (D:4)
  3 scorpions
  An orc priest (D:5)
  A gnoll shaman (D:4)
  2 hounds (D:4)
  A bullfrog skeleton (D:4)
  2 iguanas
  2 orc wizards
  Natasha (thrice) (D:2)
  6 gnolls
  10 adders
  A shadow imp (D:5)
  3 worms
  2 dart slugs (D:2)
  25 orcs
  7 ball pythons
  7 endoplasms
  A giant cockroach (D:1)
  8 goblins
  8 hobgoblins
  4 jackals (D:4)
  3 kobolds
  2 quokkas
  6 bats
  3 frilled lizards (D:2)
  4 rats
123 creatures vanquished.

Notes
Turn   | Place    | Note
-------+----------+-------------------------------------------
     0 | D:1      | Descartes the Troll Warper began the quest for the Orb.
     0 | D:1      | Reached XP level 1. HP: 19/19 MP: 1/1
   205 | D:1      | Found a faded altar of an unknown god.
   237 | D:1      | Reached XP level 2. HP: 28/28 MP: 2/2
   988 | D:2      | Reached XP level 3. HP: 35/35 MP: 3/3
  1196 | D:2      | Reached skill level 3 in Unarmed Combat
  1196 | D:2      | Reached XP level 4. HP: 42/44 MP: 4/4
  1537 | D:2      | Noticed Natasha
  1542 | D:2      | Killed Natasha
  1543 | D:2      | Reached XP level 5. HP: 50/50 MP: 5/5
  1582 | D:2      | Noticed Natasha
  1586 | D:2      | Killed Natasha
  1721 | D:2      | Noticed Natasha
  1729 | D:2      | Killed Natasha
  1875 | D:3      | Found a hazy altar of Hepliaklqana.
  2237 | D:4      | Noticed an ogre
  2241 | D:4      | Found a runed translucent door.
  2241 | D:4      | Noticed a human
  2247 | D:4      | Killed an ogre
  2248 | D:4      | Reached skill level 4 in Unarmed Combat
  2248 | D:4      | Reached XP level 6. HP: 28/61 MP: 6/6
  2285 | D:4      | Found a basalt altar of Yredelemnul.
  2577 | D:4      | Reached XP level 7. HP: 13/68 MP: 7/7
  2809 | D:4      | Noticed Sigmund
  2843 | D:4      | Killed Sigmund
  2844 | D:4      | Reached skill level 5 in Unarmed Combat
  3275 | D:5      | Entered Level 5 of the Dungeon
  3432 | D:5      | Reached XP level 8. HP: 79/79 MP: 8/8
  3971 | D:5      | Found a runed translucent door.
  4042 | D:5      | Reached skill level 6 in Unarmed Combat
  4240 | D:5      | Reached skill level 5 in Fighting
  4424 | D:4      | Reached skill level 5 in Translocations
  4510 | D:5      | Identified the +3 plate armour of Rih Heno {Will++ Int+2
                  | Dex+3 Stlth-}
  4637 | D:6      | Slain by an orc warrior

Illustrated notes

Levels and vault maps discovered:
D:1:      erik_arrival_triangle_small, layout_loops_corners,
          hellmonk_ecumenical_altar_arch_garden, grunt_decor_resistance,
          nicolae_figureground_sparkle
D:2:      layout_basic, minmay_pentomino_r4, uniq_natasha
D:3:      layout_rooms, mainiacjoe_overflow_concentric_impassable,
          minmay_between
D:4:      layout_basic, dk_yredelemnul_ordeal, amcnicky_mini_pool_small,
          uniq_sigmund
D:5:      layout_basic, lightli_church_of_beogh
D:6:      layout_rooms, temple_hall

Skill      XL: |  1  2  3  4  5  6  7  8 |
---------------+-------------------------+-----
Fighting       | 2 3 4 5 |  5.0
Unarmed Combat | 3 4 5 6 |  6.7
Translocations | 3 4 5 |  5.3
Throwing       | |  0.8
Dodging        | |  1.9
Spellcasting   | |  1.2

Action                   |  1- 3 |  4- 6 |  7- 9 || total
-------------------------+-------+-------+-------++-------
Melee: Unarmed           |    81 |   118 |   175 ||   374
       Punch             |     1 |     3 |     5 ||     9
 Stab: Sleeping          |       |     2 |       ||     2
Armor: Robe              |    29 |    46 |    39 ||   114
       Skin              |       |       |    14 ||    14
Dodge: Dodged            |    37 |    51 |    74 ||   162
